 Dungeon Crawl Stone Soup version 0.29-a0-352-g0917bc69df (webtiles) character file.

Game seed: 9205060064058953544

2 spaghetti the Prestidigitator (level 1, 4/17 HPs)
             Began as a Gnoll Wanderer on Apr 24, 2022.
             Quit the game on level 1 of the Dungeon.
             The game lasted 00:00:44 (34 turns).

spaghetti the Prestidigitator (Gnoll Wanderer)        Turns: 34, Time: 00:00:44

Health: 4/17       AC:  2    Str: 12    XL:     1   Next: 40%
Magic:  2/4        EV: 11    Int: 12    God:
Gold:   0          SH:  0    Dex:  9    Spells: 4/5 levels left

rFire   . . .      SeeInvis .   a - +2 spear {polearm}
rCold   . . .      Faith    .   (no shield)
rNeg    . . .      Spirit   .   d - +0 robe
rPois   .          Reflect  .   (no helmet)
rElec   .          Harm     .   (no cloak)
rCorr   .          Rampage  .   (no gloves)
Will    .....                   (no boots)
Stlth   +.........              (no amulet)
HPRegen 0.05/turn               (no ring)
MPRegen 0.09/turn               (no ring)

@: no status effects
A: fangs 1, strong nose, distributed training
a: no special abilities


You were on level 1 of the Dungeon.
You visited 1 branch of the dungeon, and saw 1 of its levels.


Innate Abilities, Weirdness & Mutations

You have very sharp teeth.
Your uncanny sense of smell can sniff out nearby items.
Your experience applies equally to all skills.


   Skills:
 + Level 2.3 Fighting
 + Level 0.0 Short Blades
 + Level 0.0 Long Blades
 + Level 0.0 Axes
 + Level 0.0 Maces & Flails
 + Level 4.4 Polearms
 + Level 0.0 Staves
 + Level 0.0 Slings
 + Level 0.0 Bows
 + Level 0.0 Crossbows
 + Level 0.0 Throwing
 + Level 0.0 Armour
 + Level 0.0 Dodging
 + Level 0.0 Stealth
 + Level 0.0 Shields
 + Level 0.0 Unarmed Combat
 + Level 2.6 Spellcasting
 + Level 0.0 Conjurations
 + Level 1.9 Hexes
 + Level 0.0 Summonings
 + Level 0.0 Necromancy
 + Level 0.0 Translocations
 + Level 0.0 Transmutations
 + Level 0.0 Fire Magic
 + Level 0.0 Ice Magic
 + Level 0.0 Air Magic
 + Level 0.0 Earth Magic
 + Level 0.0 Poison Magic
 + Level 0.1 Invocations
 + Level 10.3 Evocations


You had 4 spell levels left.
You knew the following spells:

 Your Spells              Type           Power      Damage    Failure   Level
a - Slow                  Hex            24%        N/A       12%         1

Your spell library contained the following spells:

 Spells                   Type           Power      Damage    Failure   Level
 Confusing Touch          Hex            6%         N/A       34%         3

Inventory:

Hand Weapons
 a - a +2 spear (weapon) {polearm}
Armour
 d - a +0 robe (worn)
Potions
 c - a potion of heal wounds {@q2}
Miscellaneous
 b - a piece from Xom's chessboard (15/15)

Dungeon Overview and Level Annotations

Branches:
Dungeon (1/15)

Altars:

#.# #.# #.# ###
#.# ##
#####8#####.######
..
#....>..........<#
#.
#.###8#####.######
#.#..#####.##.#
#J@.......##.#
##B#########.# #.#
#.# #.# #.# #..
### #.# ... .#.


You could see an endoplasm and a giant cockroach.


Message History

🤖 Initializing magus.rc ...
Options error: Delay interrupt name "hungry" not recognised. (~/.crawlrc:4761) Options error: Bad monster_list_colour key: strict_neutral (~/.crawlrc:4776) ✅ Successfully initialized magus.rc [v1.9.6] Welcome, spaghetti the Gnoll Wanderer.
The Orb of Zot is coveted for many reasons.
Will you seize it for your own?
Press ? for a list of commands and other information.
Found a staircase leading out of the dungeon.
You begin with the following items: a +2 spear {polearm}, a piece from Xom's chessboard (15/15), a potion of heal wounds {@q2}, a +0 robe; and the following spell memorised: Slow; and the following spells available to memorise: Confusing Touch.
Okay, then.
Found an escape hatch in the floor.
There is an escape hatch in the floor here.
A hobgoblin comes into view.
The hobgoblin shouts!
You hear a shout!
A giant cockroach comes into view.
A hobgoblin comes into view.
There are monsters nearby!
Aiming: Slow (safe; 12% risk of failure)
Press: ? - help, Q - select action, (/) - cycle Shift-Dir - straight line, f - hobgoblin
Aim: a hobgoblin (chance to affect: 61%)
The hobgoblin seems to slow down. 😎 MP[-1]
You lost 1 mp, and now have 3/4 mp.
You reach to attack!
You closely miss the hobgoblin. You hit the hobgoblin.
The giant cockroach bites you. 😕 HP[-1]
You take 1 damage, and now have 16/17 hp.
You are too injured to fight recklessly!
You are too injured to fight recklessly!
You are too injured to fight recklessly!
You are too injured to fight recklessly!
You are too injured to fight recklessly!
You are too injured to fight recklessly!
You are too injured to fight recklessly!
You are too injured to fight recklessly!
You are too injured to fight recklessly!
You are too injured to fight recklessly!
You are too injured to fight recklessly!
You are too injured to fight recklessly!
You are too injured to fight recklessly!
You are too injured to fight recklessly!
You are too injured to fight recklessly!
You are too injured to fight recklessly!
You are too injured to fight recklessly!
You are too injured to fight recklessly!
You hit the hobgoblin but do no damage. The giant cockroach bites you. 😕 HP[-1]
You take 1 damage, and now have 15/17 hp.
You hit the hobgoblin.
You kill the hobgoblin!
An endoplasm comes into view.
The giant cockroach barely misses you.
Casting: Slow (safe; 12% risk of failure)
Confirm with . or Enter, or press ? or * to list all spells.
Aiming: Slow (safe; 12% risk of failure)
Press: ? - help, Shift-Dir - straight line, f - hobgoblin
Aim: a hobgoblin (chance to affect: 61%)
You miscast Slow.
You are very lightly contaminated with residual magic.
Nothing appears to happen.
The hobgoblin completely misses you.
The giant cockroach bites you. 😕 HP[-2] MP[-1]
You take 2 damage, and now have 13/17 hp.
You lost 1 mp, and now have 2/4 mp.
Aiming: Slow (safe; 12% risk of failure)
Press: ? - help, Q - select action, (/) - cycle Shift-Dir - straight line, f/p - hobgoblin
Aim: a hobgoblin (chance to affect: 61%)
The hobgoblin seems to slow down.
The giant cockroach barely misses you. The hobgoblin hits you. 😮 HP[-3] MP[-1]
You take 3 damage, and now have 10/17 hp.
You lost 1 mp, and now have 1/4 mp.
You barely miss the hobgoblin. The giant cockroach bites you. 😮 HP[-1]
You take 1 damage, and now have 9/17 hp.
You hit the hobgoblin. The giant cockroach bites you.
* * * LOW HITPOINT WARNING * * *
The hobgoblin barely misses you. 😨 HP[-2]
You take 2 damage, and now have 7/17 hp.
You hit the hobgoblin but do no damage. The giant cockroach barely misses you.
The hobgoblin barely misses you.
You hit the hobgoblin. The giant cockroach closely misses you.
You hit the hobgoblin.
You kill the hobgoblin!
The giant cockroach bites you but does no damage. 😨 MP[+1]
You closely miss the giant cockroach. The giant cockroach closely misses you.
Your magical contamination has completely faded away.
You hit the giant cockroach but do no damage.
The giant cockroach bites you.
* * * LOW HITPOINT WARNING * * *
The endoplasm hits you.
* * * LOW HITPOINT WARNING * * *
😱 HP[-3]
You take 3 damage, and now have 4/17 hp.
Unknown command.
Unknown command.
Are you sure you want to abandon this character and quit the game? (Confirm with "yes".)

Skill      XL: | |
---------------+-+-----
Evocations     | | 10.3
Fighting       | |  2.3
Polearms       | |  4.4
Spellcasting   | |  2.6
Hexes          | |  1.9
Invocations    | |  0.1

Action                   || total
-------------------------++-------
Melee: Spear             ||    11
 Cast: Slow              ||     2
Armor: Robe              ||     1
Dodge: Dodged            ||     8

Levels and vault maps discovered:
D:1:      lemuel_arrival_cross, layout_loops_cross,
          shapermc_ecumenical_altar_starsandcircs

Notes
Turn   | Place    | Note
-------+----------+-------------------------------------------
     0 | D:1      | Reached skill level 10 in Evocations
     0 | D:1      | spaghetti the Gnoll Wanderer began the quest for the Orb.
     0 | D:1      | spaghetti set off with the following items: a +2 spear
                  | {polearm}, a piece from Xom's chessboard (15/15), a potion
                  | of heal wounds {@q2}, a +0 robe; and the following spell
                  | memorised: Slow; and the following spells available to
                  | memorise: Confusing Touch
     0 | D:1      | Reached XP level 1. HP: 17/17 MP: 4/4
     0 | D:1      | magus.rc [v1.9.6]
    33 | D:1      | HP: 4/17 [endoplasm (1)]
    34 | D:1      | Quit the game

Vanquished Creatures
  2 hobgoblins (D:1)
2 creatures vanquished.

Table legend:
 A = Non-vault XP
 B = Vault XP
 C = Vault XP percentage of total XP
 D = Non-vault monster count
 E = Vault monster count
 F = Vault count percentage of total count
                 A         B        C        D         E       F
            +---------+---------+-------+---------+---------+-------
      Total |       4 |       0 |   0.0 |       2 |       0 |   0.0
            +---------+---------+-------+---------+---------+-------
        D:1 |       4 |       0 |   0.0 |       2 |       0 |   0.0
            +---------+---------+-------+---------+---------+-------

Illustrated notes

Table legend:
 A = Kills in this place as a percentage of kills in entire the game.
 B = Kills by you in this place as a percentage of kills by you in the entire game.
 C = Kills by friends in this place as a percentage of kills by friends in the entire game.
 D = Other kills in this place as a percentage of other kills in the entire game.
 E = Experience gained in this place as a percentage of experience gained in the entire game.
 F = Experience gained in this place divided by the number of levels of this place that you have seen.
                   A       B       C       D       E      F
               +-------+-------+-------+-------+-------+----------------------
         Total | 100.0 | 100.0 |   N/A |   N/A | 100.0 |   4.0
       Dungeon | 100.0 | 100.0 |   N/A |   N/A | 100.0 |   4.0
               +-------+-------+-------+-------+-------+----------------------

Table legend: (Time is in decaauts)
 A = Elapsed time spent in this place.
 B = Non-inter-level travel time spent in this place.
 C = Inter-level travel time spent in this place.
 D = Time resting spent in this place.
 E = Time spent auto-exploring this place.
 F = Levels seen in this place.
 G = Mean time per level.
                   A        B        C        D        E       F      G
               +--------+--------+--------+--------+--------+-----+--------+
         Total |     32 |     32 |      0 |      0 |     18 |   1 |   32.0 |
       Dungeon |     32 |     32 |      0 |      0 |     18 |   1 |   32.0 |
               +--------+--------+--------+--------+--------+-----+--------+

Top non-repeatable levels by time:
     D:1: 32 daAuts
